 Seeded DCSS version 0.28-a0-1567-g1695149f81 (webtiles) character file.

Game seed: 5295 (custom seed)

352 knot the Chopper (level 6, -6/40 (47) HPs)
             Began as a Demonspawn Berserker on Jan 19, 2022.
             Was a Believer of Trog.
             Mangled by a necrophage (7 damage)
             ... on level 4 of the Dungeon.
             The game lasted 00:03:45 (4423 turns).

knot the Chopper (Demonspawn Berserker)             Turns: 4423, Time: 00:03:45

HP:   -6/40 (47)    AC:  2    Str: 14 (17) XL:     6   Next: 35%
MP:   6/6           EV: 12    Int:  8 (10) God:    Trog [**....]
Gold: 135           SH:  0    Dex: 11 (13) Spells: 5/5 levels left

rFire   . . .      SeeInvis .   a - +0 hand axe
rCold   . . .      Faith    .   (no shield)
rNeg    . . .      Spirit   .   b - +0 animal skin
rPois   .          Reflect  .   (no helmet)
rElec   .          Harm     .   (no cloak)
rCorr   .          Rampage  .   (no gloves)
Will    .....                   (no boots)
Stlth   +.........              n - amulet of the acrobat
HPRegen 0.13/turn               m - +4 ring of slaying
MPRegen 0.10/turn               (no ring)

@: brilliant, on berserk cooldown, slowed, heavily drained, very slow
A: weakness stinger 2
a: Renounce Religion, Berserk, Trog's Hand


You were on level 4 of the Dungeon.
You worshipped Trog.
Trog was pleased with you.
You visited 1 branch of the dungeon, and saw 4 of its levels.

You collected 135 gold pieces.

Inventory:

Hand Weapons
 a - a +0 hand axe (weapon)
Missiles
 c - 82 stones
 f - 5 boomerangs (quivered)
 i - a throwing net
Armour
 b - a +0 animal skin (worn)
Jewellery
 m - a +4 ring of slaying (left hand)
 n - an amulet of the acrobat (around neck)
Scrolls
 d - 2 scrolls of teleportation {unknown}
 e - a scroll of immolation {unknown}
 h - a scroll of magic mapping {unknown}
 l - a scroll of fear {unknown}
Potions
 g - a potion of invisibility {unknown}
 o - a potion of cancellation {unknown}


   Skills:
 - Level 3.0 Fighting
 * Level 5.6 Axes
 * Level 3.1 Throwing
 - Level 1.7 Armour
 - Level 1.7 Dodging


You had 5 spell levels left.
You didn't know any spells.
Your spell library was empty.

Dungeon Overview and Level Annotations

Branches:
Dungeon (4/15)
 Temple: D:4-7

Altars:
Okawaru


Innate Abilities, Weirdness & Mutations

You have a tail ending in a sharp stinger.


Message History

You are no longer berserk.
You are exhausted.
You feel yourself slow down. The necrophage completely misses you.
You hit the necrophage.
The necrophage is lightly damaged.
The necrophage hits you. x2
You hit the necrophage.
The necrophage is moderately damaged.
The necrophage hits you.
You feel drained.
You slash the necrophage!
The necrophage is severely damaged.
You hit the hobgoblin. The necrophage barely misses you.
The hobgoblin hits you. The necrophage hits you!
You feel drained.
You are too injured to fight recklessly!
You are too injured to fight recklessly!
You are too injured to fight recklessly!
You are too injured to fight recklessly!
You slash the hobgoblin!
You kill the hobgoblin!
Trog accepts your kill.
You can now call upon Trog for regeneration and willpower.
You hit the necrophage. The necrophage hits you.
You feel drained.
You hit the necrophage. You tail-slap the necrophage.
The necrophage is almost destroyed.
The necrophage hits you.
* * * LOW HITPOINT WARNING * * *
The necrophage hits you.
* * * LOW HITPOINT WARNING * * *
You feel drained.
It was a potion of degeneration.
There was something very wrong with that liquid.
You feel weakened.
You feel dopey.
You feel clumsy. The necrophage hits you.
* * * LOW HITPOINT WARNING * * *
You feel drained.
* * * LOW HITPOINT WARNING * * *
It was a potion of brilliance.
You feel clever all of a sudden. The necrophage misses you.
The necrophage hits you!
You die...

.... ...# . ...
..###.. .......
.......#####
#.#....)...#####.
#.......†@n......
.....##<###..#.#.
#.#.......>..#
#.#######.... #.#
#


You could see a necrophage.

Vanquished Creatures
  Eustachio (D:4)
  An orc priest (D:3)
  An orc wizard (D:3)
  4 gnolls
  5 adders
  A dart slug (D:2)
  6 orcs
  7 bats
  An endoplasm (D:3)
  4 giant cockroaches
  3 goblins
  8 hobgoblins
  2 jackals (D:1)
  A quokka (D:1)
  9 ball pythons
  6 frilled lizards
  9 kobolds
  6 rats
75 creatures vanquished.

Notes
Turn   | Place    | Note
-------+----------+-------------------------------------------
     0 | D:1      | knot the Demonspawn Berserker began the quest for the Orb.
     0 | D:1      | Reached XP level 1. HP: 18/18 MP: 1/1
    41 | D:1      | Reached skill level 3 in Axes
   277 | D:1      | Gained mutation: You have a small tail. [demonic ancestry]
   277 | D:1      | Reached XP level 2. HP: 24/24 MP: 2/2
   727 | D:1      | Found a faded altar of an unknown god.
  1124 | D:2      | Reached XP level 3. HP: 21/29 MP: 3/3
  1237 | D:2      | Reached skill level 4 in Axes
  1868 | D:2      | Reached ** piety under Trog
  2236 | D:1      | Reached XP level 4. HP: 35/35 MP: 4/4
  2681 | D:2      | Reached skill level 1 in Throwing
  2989 | D:3      | Found an iron altar of Okawaru.
  2997 | D:3      | Gained mutation: You have a tail ending in a sharp stinger.
                  | [demonic ancestry]
  2997 | D:3      | Reached XP level 5. HP: 19/41 MP: 5/5
  3528 | D:3      | Reached skill level 5 in Axes
  4408 | D:4      | Noticed Eustachio
  4408 | D:4      | Noticed a necrophage
  4414 | D:4      | Killed Eustachio
  4415 | D:4      | Reached XP level 6. HP: 47/47 MP: 6/6
  4422 | D:4      | HP: 2/41 [necrophage (5)]
  4423 | D:4      | Mangled by a necrophage

Illustrated notes

Levels and vault maps discovered:
D:1:      amcnicky_arrival_underground_garden, layout_rooms,
          hellmonk_ecumenical_altar_heavens_door
D:2:      cheibrodos_helix_gallery, layout_basic, hangedman_feature_mirror
D:3:      layout_loops_cross, okawaru_gym_becter
D:4:      layout_basic, mainiacjoe_overflow_surrounded_room,
          gammafunk_ghost_icy, minmay_misc_feat_hallway, uniq_eustachio

Skill      XL: |  1  2  3  4  5 |
---------------+----------------+-----
Axes           | 3 4 5 |  5.6
Throwing       | 1 3 |  3.1
Fighting       | |  3.0
Armour         | |  1.7
Dodging        | |  1.7

Action                   |  1- 3 |  4- 6 || total
-------------------------+-------+-------++-------
Melee: Hand axe          |   123 |    75 ||   198
       Tailslap          |     6 |     5 ||    11
       Punch             |     1 |     1 ||     2
Throw: Boomerang         |     1 |     6 ||     7
Invok: Berserk           |     4 |     7 ||    11
  Use: Potion            |       |     2 ||     2
 Stab: Sleeping          |       |     1 ||     1
Armor: Animal skin       |    31 |     7 ||    38
Dodge: Dodged            |    97 |    56 ||   153

Table legend: (Time is in decaauts)
 A = Elapsed time spent in this place.
 B = Non-inter-level travel time spent in this place.
 C = Inter-level travel time spent in this place.
 D = Time resting spent in this place.
 E = Time spent auto-exploring this place.
 F = Levels seen in this place.
 G = Mean time per level.
                   A        B        C        D        E       F      G
               +--------+--------+--------+--------+--------+-----+--------+
         Total |   4570 |   4485 |     85 |   2118 |   1847 |   4 | 1142.5 |
       Dungeon |   4570 |   4485 |     85 |   2118 |   1847 |   4 | 1142.5 |
               +--------+--------+--------+--------+--------+-----+--------+

Top non-repeatable levels by time:
     D:2: 1935 daAuts
     D:1: 1700 daAuts
     D:3: 918 daAuts
     D:4: 15 daAuts
